 Dungeon Sprint DCSS version 0.17-a0-1184-gb75be8f (webtiles) character file.

50060 Kidiri the Bludgeoner (level 13, -20/159 HPs)
             Began as a Troll Berserker on June 1, 2015.
             Was a High Priest of Trog.
             Demolished by an azure jelly (31 damage)
             ... in the Dungeon (Sprint III: "The Ten Rune Challenge").
             The game lasted 00:39:56 (3856 turns).

Kidiri the Bludgeoner (Troll Berserker)             Turns: 3856, Time: 00:39:56

Health: -20/159    AC:  9    Str: 33 (34) XL:     13   Next: 56%
Magic:  17/17      EV: 15    Int:  5 (6)  God:    Trog [*****.]
Gold:   1140       SH:  0    Dex: 13      Spells: 0 memorised, 12 levels left

rFire  + . .     SeeInvis +     i - +8 giant club of the Two Names {freeze, *Drain +Inv Dex+2}
rCold  . . .     Clarity  .     C - +0 fire dragon armour
rNeg   . . .     SustAt   .     (no shield)
rPois  +         Gourm    +     K - +1 hat {Int+3}
rElec  +         Spirit   .     k - +0 cloak
rCorr  .         Warding  .     (gloves unavailable)
rMut   .         NoTele   +     (boots unavailable)
MR     .....                    (no amulet)
Stlth  ..........               y - ring "Caal" {Ice rElec rPois}
                                x - ring of see invisible

@: not resistant to hostile enchantments, extremely unstealthy
A: unfitting armour, claws 3, horns 2, agile 1, deformed body, deterioration 1,
fast metabolism 3, gourmand, regeneration 3, shaggy fur 1, strong 1, tough skin
2, wild magic 1, MP-powered wands
a: Burn Spellbooks, Berserk, Trog's Hand, Brothers in Arms, Renounce Religion,
Evoke Invisibility
}: 1/10 runes: serpentine


You were in the Dungeon.
You worshipped Trog.
Trog was extremely pleased with you.
You were not hungry.

You visited 1 branch You collected 4943 gold pieces.
You spent 3803 gold pieces at shops.

Inventory:

Hand weapons
 d - the +6 giant club of Guraf {antimagic, rElec}
   (Trog gifted it to you in the Dungeon)

   It disrupts the flow of magical energy around spellcasters and certain
   magical creatures (including the wielder).
   It insulates you from electricity.
 i - the +8 giant club of the Two Names (weapon) {freeze, *Drain +Inv Dex+2}
   (Trog gifted it to you in the Dungeon)

   It has been specially enchanted to freeze those struck by it, causing extra
   injury to most foes and up to half again as much damage against particularly
   susceptible opponents.
   It can also slow down cold-blooded creatures.
   It affects your dexterity (+2).
   It lets you turn invisible.
   It causes draining when unequipped.
 n - the +6 giant club of Chance {holy, +Inv rF+++ Str-2 Int-3}
   (Trog gifted it to you in the Dungeon)

   It has been blessed by the Shining One to cause great damage to the undead
   and demons.
   It affects your strength (-2).
   It affects your intelligence (-3).
   It renders you almost immune to fire.
   It lets you turn invisible.
 B - the +5 giant club of Trog's Wrath {crush, rElec Int+4 Dex+4}
   (Trog gifted it to you in the Dungeon)

   It inflicts extra damage upon your enemies.
   It affects your intelligence (+4).
   It affects your dexterity (+4).
   It insulates you from electricity.
 L - the +6 giant club "Veklej" {crush, Dex+4}
   (Trog gifted it to you in the Dungeon)

   It inflicts extra damage upon your enemies.
   It affects your dexterity (+4).
 Q - the +5 giant club "Romnamo" {crush, rElec Int+4 Dex+3}
   (Trog gifted it to you in the Dungeon)

   It inflicts extra damage upon your enemies.
   It affects your intelligence (+4).
   It affects your dexterity (+3).
   It insulates you from electricity.
Armour
 k - a +0 cloak (worn)
 w - a +2 robe of fire resistance
 C - a +0 fire dragon armour (worn)
 F - the +4 troll leather armour of Daisies {+Inv rElec Regen+}
   (You bought it in a shop in the Dungeon)

   It insulates you from electricity.
   It lets you turn invisible.
   It increases your rate of regeneration.
 G - a quicksilver dragon armour
 K - a +1 hat of intelligence (worn)
Jewellery
 x - a ring of see invisible (left claw)
 y - the ring "Caal" (right claw) {Ice rElec rPois}
   (You bought it in a shop in the Dungeon)

   [ring of ice]

   It enhances your ice magic, and weakens your fire magic.
   It makes you vulnerable to fire.
   It protects you from cold.
   It insulates you from electricity.
   It protects you from poison.
 H - an uncursed ring of positive energy
 I - an uncursed ring of sustain attributes
Scrolls
 m - a scroll of torment
 o - 5 scrolls of remove curse
 r - 2 scrolls of identify
 D - a scroll of summoning
 E - a scroll of fear
 R - 2 scrolls of blinking
Potions
 f - a potion of haste
 g - 2 potions of magic
 h - a potion of berserk rage
 q - 2 potions of lignification
 s - 2 potions of cure mutation
 t - a potion of flight {unknown}
 u - a potion of might
 J - a potion of invisibility {unknown}
 M - a potion of cancellation {unknown}
 N - a potion of heal wounds
Comestibles
 c - 3 bread rations
 l - 29 royal jellies


   Skills:
 * Level 18.3 Fighting
 * Level 19.7 Maces & Flails
 + Level 13.7 Dodging
 + Level 7.8 Evocations


You had 12 spell levels left.
You didn't know any spells.

Dungeon Overview and Level Annotations

Branches:
Dungeon (1/1)

Altars:
Cheibriados
Dithmenos
Elyvilon
Fedhas
Gozag
Kikubaaqudgha
Makhleb
Nemelex Xobeh
Okawaru
Qazlal
Ru
Sif Muna
Trog
Vehumet
Xom
Yredelemnul
Zin
The Shining One
Jiyva
Lugonu

Shops:
D [}?=?[=


Innate Abilities, Weirdness & Mutations

You are too large for most types of armour.
You have claws for hands.
Your metabolism is lightning-fast.
You like to eat raw meat.
You regenerate.
You are covered in fur (AC +1).
You have very tough skin (AC +2).
You have a pair of horns on your head.
You are agile. (Dex +2)
Armour fits poorly on your strangely shaped body.
Your body sometimes deteriorates upon taking damage.
Your muscles are strong. (Str +2)
Your spells are a little harder to cast, but a little more powerful.
You expend magic power (3 MP) to strengthen your wands.


Message History

Your troll goes berserk!
You feel somewhat more hungry. What do you say? t - Shout!
Orders for allies: a - Attack new target. p - Attack previous target. r - Retreat! s - Stop attacking. w - Wait here. f - Follow me.
Anything else - Stay silent.
Gang up on whom?
Press: ? - help, Dir - move target cursor, f/p - azure jelly
Aim: an azure jelly (purple smoke, moderately wounded) Attack!
The azure jelly hits you.
* * * LOW HITPOINT WARNING * * *
The azure jelly freezes you!!
* * * LOW HITPOINT WARNING * * *
Your body deteriorates!
You feel weakened. The azure jelly hits you!
* * * LOW HITPOINT WARNING * * *
The azure jelly freezes you!!
You die...

▓.PP#≈≈≈§§§≈≈≈≈'..
▓..P#.÷)§§§≈≈≈♣♣♣♣
▓..)#≈.†≈§§≈≈≈♣
▓##'####'#######♣
▓...............♣♣
▓#'#############'♣
▓...#≈..........)♣
▓...+≈≈...########
▓@..#≈≈≈.........P
▓JT.#≈≈≈≈P..PP....
#§#############'##
##.###### #...
##.#...### #...
*#.......#* ####
*#.......G.#* ##..
#....###....* #...
#.G.##?##...* #.÷#


You could see an azure jelly and a friendly troll (berserk).

Vanquished Creatures
  Rupert (D)
  Gastronok (D)
  A greater naga (D)
  5 azure jellies (D)
  Maud (D)
  2 dire elephants (D)
  Snorg (D)
  2 fire dragons (D)
  5 anacondas (D)
  4 death yaks (D)
  A spriggan druid (D)
  An unseen horror (D)
  A shining eye (D)
  A lindwurm (D)
  2 elephants (D)
  8 black mambas (D)
  A komodo dragon (D)
  2 spiny frogs (D)
  A fire drake (D)
  A deep elf priest (D)
  2 spriggans (D)
  8 blink frogs (D)
  A shadow (D)
  3 redbacks (D)
  3 wandering mushrooms (D)
  A spatial vortex (D)
  3 water moccasins (D)
  A swamp drake (D)
  A necrophage (D)
  2 brain worms (D)
  A water elemental (D)
  2 orc wizards (D)
  Crazy Yiuf (D)
  3 orc priests (D)
  A jelly (D)
  Jessica (D)
  A wizard (D)
  A necromancer (D)
  A kobold demonologist (D)
  3 humans (D)
  4 adders (D)
  A giant eyeball (D)
  An ooze (D)
  2 orcs (D)
  2 rats (D)
92 creatures vanquished.

Vanquished Creatures (collateral kills)
  Xtahua (D)
  A fire dragon (D)
  2 hydras (D)
  A naga warrior (D)
  A centaur warrior (D)
  An orc high priest (D)
  A death drake (D)
  A guardian serpent (D)
  A queen bee (D)
  2 nagas (D)
  An orc warrior (D)
  2 centaurs (D)
  An earth elemental (D)
  32 killer bees (D)
  An electric eel (D)
  An orc priest (D)
  An orc wizard (D)
  7 orcs (D)
58 creatures vanquished.

Vanquished Creatures (others)
  2 draconian scorchers (D)
  3 stone giants (D)
  A hydra (D)
  A hill giant (D)
  2 yaktaurs (D)
  2 fire drakes (D)
  3 trolls (D)
  An ogre (D)
  4 plants (D)
19 creatures vanquished.

Grand Total: 169 creatures vanquished

Notes
Turn   | Place    | Note
--------------------------------------------------------------
     0 | D        | Kidiri the Troll Berserker began the quest for the Orb.
     0 | D        | Reached XP level 1. HP: 22/22 MP: 0/0
    16 | D        | Reached skill level 3 in Fighting
    34 | D        | Noticed Jessica
    51 | D        | Killed Jessica
    51 | D        | Acquired Trog's second power
    51 | D        | Reached skill level 4 in Fighting
    51 | D        | Reached XP level 2. HP: 32/32 MP: 1/1
    51 | D        | Reached XP level 3. HP: 39/39 MP: 2/2
    85 | D        | Killed a yaktaur
   193 | D        | Killed a fire drake
   255 | D        | Noticed Crazy Yiuf
   264 | D        | Killed a white draconian scorcher
   276 | D        | Killed Crazy Yiuf
   276 | D        | Reached skill level 5 in Maces & Flails
   276 | D        | Reached XP level 4. HP: 35/49 MP: 3/3
   290 | D        | Killed a yaktaur
   323 | D        | Gained mutation: You expend magic power (3 MP) to strengthen your wands. [potion of mutation]
   323 | D        | Gained mutation: You are agile. (Dex +2) [potion of mutation]
   324 | D        | Gained mutation: Your magical capacity is low (-10% MP). [potion of mutation]
   325 | D        | Gained mutation: You regenerate. [potion of mutation]
   325 | D        | Gained mutation: You have a pair of small horns on your head. [potion of mutation]
   325 | D        | Lost mutation: Your magical capacity is low (-10% MP). [potion of mutation]
   338 | D        | Noticed a water elemental
   344 | D        | Killed a water elemental
   344 | D        | Reached skill level 5 in Fighting
   344 | D        | Reached skill level 6 in Maces & Flails
   381 | D        | Found a radiant altar of Vehumet.
   381 | D        | Found a deep blue altar of Sif Muna.
   381 | D        | Found an ancient bone altar of Kikubaaqudgha.
   381 | D        | Noticed a wizard
   384 | D        | Killed a wizard
   384 | D        | Reached XP level 5. HP: 53/59 MP: 4/4
   392 | D        | Acquired Trog's third power
   413 | D        | Found a glowing silver altar of Zin.
   413 | D        | Found a glowing golden altar of the Shining One.
   413 | D        | Found a white marble altar of Elyvilon.
   414 | D        | Noticed a deep elf priest
   419 | D        | Killed a deep elf priest
   419 | D        | Reached skill level 8 in Fighting
   419 | D        | Reached skill level 5 in Dodging
   419 | D        | Reached XP level 6. HP: 72/72 MP: 5/5
   435 | D        | Killed a white draconian scorcher
   466 | D        | Found an iron altar of Okawaru.
   466 | D        | Found a bloodstained altar of Trog.
   466 | D        | Noticed a human
   468 | D        | Noticed a human
   470 | D        | Killed a human
   470 | D        | Reached skill level 9 in Maces & Flails
   470 | D        | Reached XP level 7. HP: 81/81 MP: 6/6
   478 | D        | Killed a human
   529 | D        | Found a basalt altar of Yredelemnul.
   529 | D        | Found a snail-covered altar of Cheibriados.
   529 | D        | Found a blossoming altar of Fedhas.
   529 | D        | Noticed a necrophage
   529 | D        | Noticed a necromancer
   532 | D        | Killed a necromancer
   535 | D        | Killed a necrophage
   535 | D        | Reached skill level 10 in Maces & Flails
   586 | D        | Noticed a jelly
   587 | D        | Noticed a shadow
   596 | D        | Killed a shadow
   600 | D        | Killed a jelly
   641 | D        | Found a stormy altar of Qazlal.
   641 | D        | Found a sacrificial altar of Ru.
   641 | D        | Found a burning altar of Makhleb.
   641 | D        | Found a shimmering altar of Xom.
   642 | D        | Found a viscous altar of Jiyva.
   642 | D        | Found a shadowy altar of Dithmenos.
   642 | D        | Found a sparkling altar of Nemelex Xobeh.
   642 | D        | Found a corrupted altar of Lugonu.
   642 | D        | Found an opulent altar of Gozag.
   642 | D        | Noticed a spatial vortex
   654 | D        | Killed a spatial vortex
   654 | D        | Reached XP level 8. HP: 93/93 MP: 7/7
   672 | D        | Killed a fire drake
   674 | D        | Noticed Snorg
   689 | D        | Killed Snorg
   689 | D        | Received a gift from Trog
   689 | D        | Reached skill level 10 in Fighting
   689 | D        | Reached skill level 11 in Maces & Flails
   765 | D        | Found Miym's Jewellery Emporium.
   765 | D        | Noticed an orc wizard
   766 | D        | Noticed an orc priest
   766 | D        | Noticed an orc wizard
   770 | D        | Killed an orc wizard
   773 | D        | Killed an orc wizard
   775 | D        | Noticed an orc warrior
   775 | D        | Killed an orc priest
   778 | D        | Noticed an orc high priest
   782 | D        | Killed an orc warrior
   782 | D        | Reached skill level 12 in Maces & Flails
   782 | D        | Reached XP level 9. HP: 105/105 MP: 8/8
   787 | D        | Noticed an orc priest
   792 | D        | Killed an orc high priest
   800 | D        | Received a gift from Trog
   802 | D        | Killed an orc priest
   807 | D        | Noticed an orc priest
   810 | D        | Noticed an orc priest
   812 | D        | Noticed an orc wizard
   812 | D        | Killed an orc priest
   820 | D        | Killed an orc priest
   824 | D        | Killed an orc wizard
   934 | D        | Bought an uncursed ring of see invisible for 180 gold pieces
   934 | D        | Bought the ring "Caal" {Ice rElec rPois} for 518 gold pieces
   951 | D        | Noticed an earth elemental
   956 | D        | Killed an earth elemental
   968 | D        | Noticed a centaur
   968 | D        | Noticed a centaur warrior
   968 | D        | Noticed a centaur
   973 | D        | Killed a centaur warrior
   974 | D        | Killed a centaur
   975 | D        | Killed a centaur
   975 | D        | Received a gift from Trog
  1000 | D        | Noticed an unseen horror
  1002 | D        | Killed an unseen horror
  1002 | D        | Reached skill level 13 in Maces & Flails
  1014 | D        | Noticed a killer bee
  1014 | D        | Noticed a killer bee
  1014 | D        | Noticed a killer bee
  1014 | D        | Noticed a killer bee
  1014 | D        | Noticed a killer bee
  1014 | D        | Noticed a killer bee
  1014 | D        | Noticed a killer bee
  1014 | D        | Noticed a killer bee
  1014 | D        | Noticed a killer bee
  1014 | D        | Noticed a killer bee
  1014 | D        | Noticed a killer bee
  1014 | D        | Noticed a killer bee
  1014 | D        | Noticed a killer bee
  1014 | D        | Noticed a killer bee
  1014 | D        | Noticed a killer bee
  1015 | D        | Noticed a killer bee
  1015 | D        | Noticed a killer bee
  1015 | D        | Noticed a killer bee
  1016 | D        | Killed a killer bee
  1016 | D        | Killed a killer bee
  1018 | D        | Killed a killer bee
  1020 | D        | Noticed a killer bee
  1020 | D        | Killed a killer bee
  1021 | D        | Killed a killer bee
  1022 | D        | Noticed a killer bee
  1022 | D        | Killed a killer bee
  1025 | D        | Killed a killer bee
  1028 | D        | Killed a killer bee
  1031 | D        | Noticed a killer bee
  1031 | D        | Killed a killer bee
  1031 | D        | Received a gift from Trog
  1032 | D        | Killed a killer bee
  1034 | D        | Noticed a killer bee
  1034 | D        | Killed a killer bee
  1034 | D        | Killed a killer bee
  1035 | D        | Killed a killer bee
  1036 | D        | Killed a killer bee
  1036 | D        | Received a gift from Trog
  1037 | D        | Noticed a killer bee
  1037 | D        | Killed a killer bee
  1038 | D        | Killed a killer bee
  1039 | D        | Killed a killer bee
  1040 | D        | Noticed a killer bee
  1041 | D        | Killed a killer bee
  1041 | D        | Killed a killer bee
  1042 | D        | Noticed a killer bee
  1042 | D        | Killed a killer bee
  1043 | D        | Noticed a killer bee
  1043 | D        | Killed a killer bee
  1043 | D        | Received a gift from Trog
  1044 | D        | Noticed a killer bee
  1044 | D        | Killed a killer bee
  1045 | D        | Killed a killer bee
  1047 | D        | Noticed a killer bee
  1047 | D        | Killed a killer bee
  1047 | D        | Reached XP level 10. HP: 117/117 MP: 2/9
  1048 | D        | Noticed a killer bee
  1048 | D        | Killed a killer bee
  1049 | D        | Noticed a queen bee
  1049 | D        | Killed a killer bee
  1050 | D        | Noticed a killer bee
  1050 | D        | Killed a killer bee
  1051 | D        | Noticed a killer bee
  1051 | D        | Killed a killer bee
  1052 | D        | Killed a killer bee
  1052 | D        | Received a gift from Trog
  1053 | D        | Killed a killer bee
  1055 | D        | Noticed a killer bee
  1055 | D        | Killed a queen bee
  1057 | D        | Killed a killer bee
  1061 | D        | Killed a killer bee
  1137 | D        | Noticed a wandering mushroom
  1142 | D        | Noticed a wandering mushroom
  1144 | D        | Noticed a wandering mushroom
  1149 | D        | Killed a wandering mushroom
  1202 | D        | Killed a wandering mushroom
  1245 | D        | Killed a wandering mushroom
  1285 | D        | Noticed a spiny frog
  1285 | D        | Noticed a komodo dragon
  1285 | D        | Noticed a spiny frog
  1287 | D        | Killed a spiny frog
  1287 | D        | Reached skill level 14 in Maces & Flails
  1288 | D        | Killed a spiny frog
  1288 | D        | Received a gift from Trog
  1294 | D        | Killed a komodo dragon
  1296 | D        | Got a pitted giant club {god gift}
  1297 | D        | Identified the +5 giant club of Trog's Wrath {crush, rElec Int+4 Dex+4} (Trog gifted it to you in the Dungeon)
  1378 | D        | Noticed a redback
  1379 | D        | Killed a redback
  1379 | D        | Reached skill level 10 in Dodging
  1381 | D        | Noticed a brain worm
  1388 | D        | Killed a brain worm
  1391 | D        | Noticed a brain worm
  1396 | D        | Killed a brain worm
  1402 | D        | Noticed a lindwurm
  1524 | D        | Noticed a redback
  1525 | D        | Killed a lindwurm
  1526 | D        | Killed a redback
  1531 | D        | Noticed a redback
  1533 | D        | Killed a redback
  1534 | D        | Noticed Maud
  1538 | D        | Killed Maud
  1538 | D        | Reached skill level 15 in Maces & Flails
  1717 | D        | Noticed an electric eel
  1718 | D        | Noticed a six-headed hydra
  1718 | D        | Noticed a four-headed hydra
  1722 | D        | Noticed a death drake
  1725 | D        | Killed an electric eel
  1728 | D        | Killed a six-headed hydra
  1728 | D        | Reached XP level 11. HP: 62/130 MP: 10/10
  1729 | D        | Killed a four-headed hydra
  1732 | D        | Killed a death drake
  1732 | D        | Received a gift from Trog
  1871 | D        | Noticed a fire dragon
  1884 | D        | Noticed a fire dragon
  1903 | D        | Killed a fire dragon
  1909 | D        | Killed a fire dragon
  2065 | D        | Noticed a fire dragon
  2072 | D        | Killed a fire dragon
  2072 | D        | Reached skill level 16 in Maces & Flails
  2075 | D        | Found Diek's Magic Scroll Emporium.
  2075 | D        | Found Ruriqe's Antique Armour Shop.
  2081 | D        | Found Kaumpac's Jewellery Shoppe.
  2100 | D        | Found a blossoming altar of Fedhas.
  2100 | D        | Noticed a spriggan
  2100 | D        | Noticed a spriggan druid
  2100 | D        | Noticed a spriggan
  2107 | D        | Killed a spriggan druid
  2107 | D        | Reached skill level 15 in Fighting
  2108 | D        | Killed a spriggan
  2109 | D        | Killed a spriggan
  2109 | D        | Received a gift from Trog
  2110 | D        | Got a translucent giant club {god gift}
  2111 | D        | Identified the +8 giant club of the Two Names {freeze, *Drain +Inv Dex+2} (Trog gifted it to you in the Dungeon)
  2237 | D        | Bought a scroll of identify for 20 gold pieces
  2237 | D        | Bought a scroll of summoning for 95 gold pieces
  2237 | D        | Bought a scroll of remove curse for 30 gold pieces
  2237 | D        | Bought a scroll of remove curse for 30 gold pieces
  2237 | D        | Bought a scroll of fear for 35 gold pieces
  2237 | D        | Bought a scroll of identify for 20 gold pieces
  2238 | D        | Bought an ichor-stained troll leather armour for 520 gold pieces
  2238 | D        | Bought a quicksilver dragon armour for 1560 gold pieces
  2239 | D        | Bought an uncursed ring of positive energy for 280 gold pieces
  2239 | D        | Bought an uncursed ring of sustain attributes for 245 gold pieces
  2258 | D        | Identified the +4 troll leather armour of Daisies {+Inv rElec Regen+} (You bought it in a shop in the Dungeon)
  2268 | D        | Noticed a four-headed hydra
  2268 | D        | Noticed Xtahua
  2268 | D        | Noticed a fire dragon
  2283 | D        | HP: 4/132 [something (11)]
  2285 | D        | Killed Xtahua
  2285 | D        | Reached skill level 1 in Evocations
  2399 | D        | Killed a four-headed hydra
  2474 | D        | Noticed a swamp drake
  2474 | D        | Noticed a fire drake
  2477 | D        | Killed a fire drake
  2479 | D        | Killed a swamp drake
  2493 | D        | Noticed a blink frog
  2493 | D        | Noticed a blink frog
  2494 | D        | Noticed a blink frog
  2498 | D        | Noticed a blink frog
  2500 | D        | Noticed a blink frog
  2504 | D        | Killed a blink frog
  2508 | D        | Killed a blink frog
  2511 | D        | Killed a blink frog
  2516 | D        | Killed a blink frog
  2516 | D        | Received a gift from Trog
  2517 | D        | Got a transparent giant club {god gift}
  2518 | D        | Lost intelligence.
  2518 | D        | Identified the +6 giant club of Chance {holy, +Inv rF+++ Str-2 Int-3} (Trog gifted it to you in the Dungeon)
  2551 | D        | Killed a blink frog
  2576 | D        | Noticed an elephant
  2577 | D        | Noticed an elephant
  2587 | D        | Killed an elephant
  2592 | D        | Killed an elephant
  2594 | D        | Noticed a dire elephant
  2599 | D        | Noticed a dire elephant
  2599 | D        | Killed a dire elephant
  2599 | D        | Reached skill level 17 in Maces & Flails
  2599 | D        | Reached XP level 12. HP: 91/144 MP: 13/13
  2606 | D        | Killed a dire elephant
  2625 | D        | Noticed Gastronok
  2626 | D        | Noticed Rupert
  2631 | D        | Killed Gastronok
  2631 | D        | Received a gift from Trog
  2639 | D        | Killed Rupert
  2663 | D        | Got a transparent giant club {god gift}
  2756 | D        | Identified the +6 giant club "Veklej" {crush, Dex+4} (Trog gifted it to you in the Dungeon)
  2775 | D        | Noticed an azure jelly
  2775 | D        | Noticed an azure jelly
  2775 | D        | Noticed an azure jelly
  2777 | D        | Noticed an azure jelly
  2793 | D        | Noticed a death yak
  2795 | D        | Noticed a death yak
  2795 | D        | Noticed a blink frog
  2796 | D        | Noticed a death yak
  2797 | D        | Noticed a blink frog
  2798 | D        | Noticed a death yak
  2800 | D        | Noticed a blink frog
  2800 | D        | Killed a death yak
  2804 | D        | Killed a death yak
  2804 | D        | Reached skill level 5 in Evocations
  2809 | D        | Killed a death yak
  2809 | D        | Reached skill level 18 in Maces & Flails
  2810 | D        | Killed a blink frog
  2811 | D        | Killed a blink frog
  2811 | D        | Received a gift from Trog
  2812 | D        | Killed a blink frog
  2825 | D        | Noticed a black mamba
  2826 | D        | Noticed a black mamba
  2834 | D        | Killed a death yak
  2835 | D        | Killed a black mamba
  2841 | D        | Killed a black mamba
  2881 | D        | Noticed a water moccasin
  2885 | D        | Noticed an anaconda
  2887 | D        | Killed a water moccasin
  2891 | D        | Killed an anaconda
  2898 | D        | Noticed an anaconda
  2904 | D        | Killed an anaconda
  2907 | D        | Received a gift from Trog
  2919 | D        | Noticed a water moccasin
  2920 | D        | Noticed a black mamba
  2921 | D        | Noticed an anaconda
  2921 | D        | Noticed a water moccasin
  2929 | D        | Killed a black mamba
  2935 | D        | Killed an anaconda
  2936 | D        | Killed a water moccasin
  2939 | D        | Killed a water moccasin
  2940 | D        | Noticed an anaconda
  2941 | D        | Noticed a black mamba
  2946 | D        | Killed an anaconda
  2946 | D        | Received a gift from Trog
  2946 | D        | Reached XP level 13. HP: 65/156 MP: 16/16
  2947 | D        | Killed a black mamba
  2950 | D        | Got a shimmering giant club {god gift}
  3068 | D        | Identified the +5 giant club "Romnamo" {crush, rElec Int+4 Dex+3} (Trog gifted it to you in the Dungeon)
  3082 | D        | Noticed an anaconda
  3082 | D        | Noticed a black mamba
  3082 | D        | Noticed a black mamba
  3082 | D        | Noticed a black mamba
  3082 | D        | Noticed a black mamba
  3088 | D        | Killed an anaconda
  3092 | D        | Killed a black mamba
  3093 | D        | Killed a black mamba
  3094 | D        | Killed a black mamba
  3100 | D        | Killed a black mamba
  3117 | D        | HP: 11/235 [poisoned by a black mamba]
  3122 | D        | HP: 8/235 [poisoned by a black mamba]
  3127 | D        | HP: 10/235 [poisoned by a black mamba]
  3310 | D        | Noticed a naga
  3310 | D        | Noticed a naga
  3311 | D        | Noticed a naga warrior
  3311 | D        | Noticed a greater naga
  3316 | D        | Killed a naga
  3316 | D        | Received a gift from Trog
  3317 | D        | Got a scorched giant club {god gift}
  3317 | D        | Killed a naga
  3319 | D        | Killed a naga warrior
  3319 | D        | Reached skill level 19 in Maces & Flails
  3321 | D        | Killed a greater naga
  3324 | D        | Found Uvvoen's Antique Armour Boutique.
  3324 | D        | Found Xynix's Gadget Emporium.
  3327 | D        | Found Buch's Magic Scroll Shop.
  3340 | D        | Noticed a guardian serpent
  3343 | D        | Killed a guardian serpent
  3351 | D        | Gained mutation: You have a pair of horns on your head. [mutagenic meat]
  3352 | D        | Gained mutation: Armour fits poorly on your strangely shaped body. [mutagenic meat]
  3353 | D        | Gained mutation: Your spells are a little harder to cast, but a little more powerful. [mutagenic meat]
  3361 | D        | Got a serpentine rune of Zot
  3373 | D        | Bought a scroll of blinking for 90 gold pieces
  3373 | D        | Bought a scroll of blinking for 90 gold pieces
  3373 | D        | Bought a scroll of enchant armour for 90 gold pieces
  3458 | D        | Killed an azure jelly
  3460 | D        | Killed an azure jelly
  3460 | D        | Received a gift from Trog
  3464 | D        | Killed an azure jelly
  3469 | D        | Killed an azure jelly
  3684 | D        | Identified the +6 giant club of Guraf {antimagic, rElec} (Trog gifted it to you in the Dungeon)
  3711 | D        | Noticed a shining eye
  3711 | D        | Noticed an azure jelly
  3711 | D        | Gained mutation: Your body sometimes deteriorates upon taking damage. [a shining eye]
  3720 | D        | Killed an azure jelly
  3723 | D        | Killed a shining eye
  3739 | D        | Paralysed by a giant eyeball for 2 turns
  3819 | D        | Paralysed by a giant eyeball for 3 turns
  3846 | D        | Noticed a shining eye
  3846 | D        | Noticed an azure jelly
  3847 | D        | Gained mutation: Your muscles are strong. (Str +2) [a shining eye]
  3847 | D        | Paralysed by a giant eyeball for 2 turns
  3856 | D        | Demolished by an azure jelly

Vault maps used:
D:        dungeon_sprint_mu

Action                   |  1- 3 |  4- 6 |  7- 9 | 10-12 | 13-15 || total
-------------------------+-------+-------+-------+-------+-------++-------
Melee: Mace              |    21 |    20 |    44 |       |       ||    85
       Great mace        |       |       |    17 |       |       ||    17
       Dire flail        |       |       |       |    20 |       ||    20
       Giant club        |       |       |       |   140 |    38 ||   178
Invok: Berserk           |     2 |     3 |     2 |     2 |     3 ||    12
       Burn Spellbooks   |       |     1 |       |       |       ||     1
       Brothers in Arms  |       |       |     5 |     4 |     6 ||    15
  Use: Potion            |       |     3 |       |     4 |     2 ||     9
       Scroll            |       |       |       |     4 |     3 ||     7
 Stab: Sleeping          |     1 |       |     1 |       |       ||     2
  Eat: Chunk             |     5 |     2 |    17 |    18 |     9 ||    51
       Fruit             |       |       |       |     2 |     5 ||     7
